 Dungeon Crawl Stone Soup version 0.28-a0-49-geb8ac83 (webtiles) character file.

Game seed: 3357508398894026953

87 Illumine the Skirmisher (level 4, 0/35 (40) HPs)
             Began as a Minotaur Fighter on July 29, 2021.
             Slain by a wight (8 damage)
             ... on level 4 of the Dungeon.
             The game lasted 00:02:02 (2231 turns).

Illumine the Skirmisher (Minotaur Fighter)          Turns: 2231, Time: 00:02:03

HP:   0/35 (40)     AC:  7    Str: 21    XL:     4   Next: 28%
MP:   3/3           EV:  7    Int:  5    God:
Gold: 79            SH:  9    Dex: 10    Spells: 3/3 levels left

rFire   . . .      SeeInvis .   a - +0 long sword
rCold   . . .      Faith    .   c - +0 kite shield
rNeg    . . .      Spirit   .   b - +0 scale mail
rPois   .          Reflect  .   (helmet restricted)
rElec   .          Harm     .   (no cloak)
rCorr   .          Rampage  .   (no gloves)
Will    .....                   (no boots)
Stlth   ..........              (no amulet)
HPRegen 0.11/turn               (no ring)
MPRegen 0.08/turn               (no ring)

@: heavily drained
A: horns 2, retaliatory headbutt
a: no special abilities


You were on level 4 of the Dungeon.
You visited 1 branch of the dungeon, and saw 4 of its levels.

You collected 79 gold pieces.

Inventory:

Hand Weapons
 a - a +0 long sword (weapon)
 j - a +0 hunting sling
Armour
 b - a +0 scale mail (worn)
 c - a +0 kite shield (worn)
Jewellery
 g - a +6 ring of intelligence
Scrolls
 e - 3 scrolls of identify {unknown}
 f - a scroll of holy word {unknown}
 h - a scroll of enchant weapon {unknown}
 k - a scroll of teleportation {unknown}
 l - a scroll of noise {unknown}
Potions
 d - a potion of might
 i - a potion of experience {unknown}


   Skills:
 + Level 4.3 Fighting
 * Level 4.0 Long Blades
 + Level 4.2 Armour
 + Level 4.2 Shields


You had 3 spell levels left.
You didn't know any spells.
Your spell library was empty.

Dungeon Overview and Level Annotations

Branches:
Dungeon (4/15)
 Temple: D:4-7

Altars:
Sif Muna
Vehumet


Innate Abilities, Weirdness & Mutations

You have a pair of horns on your head.
You reflexively headbutt those who attack you in melee.


Message History

You open the door.
There is an open door here.
You open the door.
There is an open door here.
You now have 79 gold pieces (gained 10).
e - 3 scrolls labelled SEPROT WIPLOU (gained 1)
A wight comes into view. It is wielding a +0 trident.
Found a stone staircase leading down.
No reachable target in view!
A wight is nearby!
No reachable target in view!
A wight is nearby!
No reachable target in view!
Unknown command.
A wight comes into view. It is wielding a +3 hand axe.
The wight moves out of view.
The wight hits the plant with a +3 hand axe.
The plant begins to die.
A nearby plant withers and dies.
You block the wight's attack.
You barely miss the wight. Your headbutt misses the wight.
The wight barely misses you.
You closely miss the wight. You headbutt the wight.
The wight is moderately damaged.
The wight hits you from afar with a +0 trident!
The wight hits you with a +3 hand axe.
You feel drained.
You hit the wight.
The wight is heavily damaged.
You block the wight's attack. The wight hits you with a +3 hand axe.
The wight barely misses you.
You hit the wight.
The wight is almost destroyed.
The wight hits you with a +3 hand axe!
You feel drained.
The wight hits you from afar with a +0 trident.
* * * LOW HITPOINT WARNING * * *
You feel drained. You block the wight's attack.
You closely miss the wight. You headbutt the wight.
You destroy the wight!
The wight barely misses you.
The wight hits you from afar with a +0 trident!
You die...

#....... #......##
#+# #.......# #.#
#.....#.###.#########
#.....'..............
#.....#..##.#########
#.....##.##.#
#.....##.##.#
#.....##@##.#
#.....##)##.#
##'#####z...# #.#
##.≈P# #.# #.≈≈.....
#.# #P≈≈P.... #.#
#≈≈♣P..... #.#
##≈....... #.#
##>......


You could see a wight.

Vanquished Creatures
  A wight (D:4)
  2 adders (D:3)
  A gnoll (D:2)
  A worm (D:2)
  3 dart slugs (D:1)
  An orc (D:3)
  3 ball pythons
  5 endoplasms
  2 giant cockroaches
  A goblin (D:3)
  5 hobgoblins
  4 jackals (D:3)
  2 kobolds (D:1)
  2 quokkas (D:1)
  9 bats
  2 frilled lizards
  A rat (D:2)
45 creatures vanquished.

Vanquished Creatures (others)
  A plant (D:4)
1 creature vanquished.

Grand Total: 46 creatures vanquished

Notes
Turn   | Place    | Note
-------+----------+-------------------------------------------
     0 | D:1      | Illumine the Minotaur Fighter began the quest for the Orb.
     0 | D:1      | Reached XP level 1. HP: 19/19 MP: 0/0
    98 | D:1      | Reached XP level 2. HP: 27/27 MP: 1/1
   939 | D:1      | Found a faded altar of an unknown god.
  1003 | D:2      | Reached XP level 3. HP: 33/33 MP: 2/2
  1155 | D:3      | Found a radiant altar of Vehumet.
  1700 | D:3      | Reached XP level 4. HP: 37/40 MP: 3/3
  2169 | D:3      | Found a shimmering blue altar of Sif Muna.
  2231 | D:4      | Slain by a wight

Illustrated notes

Levels and vault maps discovered:
D:1:      minmay_arrival_checkered_box, layout_basic,
          dreamdust_ecumenical_altar_angels_and_demons
D:2:      cheibrodos_helix_gallery, layout_rooms
D:3:      layout_basic, lemuel_blue_sif_altar, nicolae_vehumet_radiance,
          nrook_campfire, minmay_quadrilaterals
D:4:      layout_basic, interstate_on_off, serial_bayou_pond_d

Skill      XL: |  1  2  3  4 |
---------------+-------------+-----
Long Blades    | 3 4 |  4.0
Fighting       | 4 |  4.3
Armour         | 4 |  4.2
Shields        | 4 |  4.2

Action                   |  1- 3 |  4- 6 || total
-------------------------+-------+-------++-------
Melee: Long sword        |    56 |    25 ||    81
       Headbutt          |     9 |     4 ||    13
  Use: Potion            |     2 |       ||     2
Armor: Scale mail        |    28 |    12 ||    40
Dodge: Dodged            |    30 |     7 ||    37
Block: Kite shield       |    39 |    13 ||    52
       Rpst.: Long sword |     3 |     2 ||     5

Table legend: (Time is in decaauts)
 A = Elapsed time spent in this place.
 B = Non-inter-level travel time spent in this place.
 C = Inter-level travel time spent in this place.
 D = Time resting spent in this place.
 E = Time spent auto-exploring this place.
 F = Levels seen in this place.
 G = Mean time per level.
                   A        B        C        D        E       F      G
               +--------+--------+--------+--------+--------+-----+--------+
         Total |   2266 |   2231 |     35 |    265 |   1625 |   4 |  566.5 |
       Dungeon |   2266 |   2231 |     35 |    265 |   1625 |   4 |  566.5 |
               +--------+--------+--------+--------+--------+-----+--------+

Top non-repeatable levels by time:
     D:3: 1048 daAuts
     D:1: 990 daAuts
     D:2: 182 daAuts
     D:4: 44 daAuts
